 Dungeon Crawl Stone Soup version 0.27.1-33-g824d729ab1 (webtiles) character file.

Game seed: 12810636224906766714

4459 potato4science the Cleaver (level 10, 91/91 HPs)
             Began as a Hill Orc Fighter on Dec 19, 2021.
             Was an Initiate of Ashenzari.
             Quit the game on level 2 of the Dungeon.
             The game lasted 00:50:39 (10098 turns).

potato4science the Cleaver (Hill Orc Fighter)      Turns: 10098, Time: 00:50:40

Health: 91/91      AC: 12    Str: 23    XL:     10   Next: 37%
Magic:  19/19      EV:  8    Int:  8    God:    Ashenzari [......]
Gold:   320        SH: 12    Dex: 10    Spells: 9/9 levels left

rFire    . . .     SeeInvis .   y - +2 spear (venom)
rCold    . . .     Faith    .   c - +1 kite shield
rNeg     . . .     Spirit   +   d - +0 chain mail
rPois    +         Reflect  .   (no helmet)
rElec    .         Harm     .   (no cloak)
rCorr    .         Rampage  .   (no gloves)
Will     .....                  v - +0 pair of boots
Stlth    ..........             k - amulet of guardian spirit
HPRegen  0.25/turn              z - ring of magical power
MPRegen  0.16/turn              r - ring of poison resistance

@: no status effects
A: no striking features
a: Renounce Religion


You were on level 2 of the Dungeon.
You worshipped Ashenzari.
Ashenzari was noncommittal.
You visited 2 branches of the dungeon, and saw 8 of its levels.

You collected 320 gold pieces.

Inventory:

Hand Weapons
 a - a +1 war axe
 w - a +0 whip of flaming
 y - a +2 spear of venom (weapon)
Missiles
 f - 236 stones
 h - 7 boomerangs (quivered)
 m - 8 curare-tipped darts
 n - 2 throwing nets
 o - 20 poisoned darts
 t - 2 javelins
Armour
 c - a +1 kite shield (worn)
 d - a +0 chain mail (worn)
 v - a +0 pair of boots (worn)
Magical Staves
 l - a staff of fire
Jewellery
 j - a +6 ring of intelligence
 k - an amulet of guardian spirit (around neck)
 q - a ring of ice
 r - a ring of poison resistance (right hand)
 x - an amulet of the acrobat
 z - a ring of magical power (left hand)
Wands
 g - a wand of acid (2)
 s - a wand of mindburst (2)
 C - a wand of flame (24)
Scrolls
 p - 3 scrolls of identify
Potions
 b - 3 potions of flight
 e - 3 potions of haste
 i - a potion of resistance
 u - a potion of magic
 A - 2 potions of heal wounds
 B - 2 potions of curing


   Skills:
 - Level 9.0 Fighting
 - Level 10.0 Axes
 - Level 8.0 Armour
 + Level 4.6 Dodging
 - Level 8.0 Shields


You had 9 spell levels left.
You didn't know any spells.
Your spell library contained the following spells:

 Spells                   Type           Power      Damage    Failure   Level
 Animate Skeleton         Necr           0%         N/A       100%        1
 Beastly Appendage        Tmut           0%         N/A       100%        1
 Pain                     Necr           0%         1d4       100%        1
 Wereblood                Tmut           0%         N/A       100%        2
 Spider Form              Tmut/Pois      0%         N/A       100%        3
 Vampiric Draining        Necr           0%         2d6       100%        3


Dungeon Overview and Level Annotations

Branches:
Dungeon (7/15)             Temple (1/1) D:7

Altars:
Ashenzari
Cheibriados
Dithmenos
Elyvilon
Fedhas
Gozag
Kikubaaqudgha
Makhleb
Nemelex Xobeh
Qazlal
Ru
Sif Muna
Uskayaw
Wu Jian
Xom
Yredelemnul
Zin
The Shining One

Annotations:
D:3 1 runed translucent door, Crazy Yiuf


Message History

You kill the bullfrog!
You see here a +0 shortbow.
Search for what [Enter for "unk", or ? for help]?
You see here a +2 vampiric trident.
Items here: ))) [.
There is a stone staircase leading up here.
You climb upwards.
There is a stone staircase leading down here.
There is a stone staircase leading up here.
You climb upwards.
There is a stone staircase leading down here.
You enter the shallow water.
Moving in this stuff is going to be slow.
There is a stone staircase leading up, spattered with blood here.
You climb upwards.
There is a stone staircase leading down, spattered with blood here.
You see here a +0 giant club.
There is a stone staircase leading up here.
You climb upwards.
Level annotation: 1 runed translucent door, Crazy Yiuf
There is a stone staircase leading down here.
There is a stone staircase leading up here.
You climb upwards.
There is a stone staircase leading down here.
You see here 29 bolts.
There is a faded altar of an unknown god here.
You cannot tell which god this altar belongs to.
Convert to them anyway?
Okay, then.
You cannot tell which god this altar belongs to.
Convert to them anyway?
Uppercase [Y]es or [N]o only, please.
You cannot tell which god this altar belongs to.
Convert to them anyway?
Ashenzari accepts your prayer! Ashenzari welcomes you!
Ashenzari warns you of distant threats and treasures.
Ashenzari reveals the structure of the dungeon to you.
Ashenzari shows you where magical portals lie.
Ashenzari prevents you from stumbling into unseen traps.
Ashenzari identifies your possessions.
Save game and exit?
Okay, then.
Okay, then.
Unknown command.
Press < or > to pray at altars.
Are you sure you want to abandon this character and quit the game? (Confirm with "yes".)

####### ##.....##
##.#####.## ##.#.....#.##
######
##.#≈.....≈..###....#
##.#§§≈[..≈.≈#.##....#
#.#.§≈.≈≈≈.≈..#.#..>.###
##.#≈≈≈≈≈≈.≈...#.#....#..
#......§@.≈§...#......#.#
#..#≈≈§≈≈§.§§..#......#.#
#..#.§§§≈§§§§..#.#....>..
#.#.#§§§.§.§.§#(.......).
#.##.#§.§§..≈..##....#...
#.###.#§§...#.###.#....#.
#.# ##.#####..........###
#.# ##......#..##..#...#
#.# #..#....#......#...##


There were no monsters in sight!

Vanquished Creatures
  Harold (D:7)
  A two-headed ogre (D:5)
  Pikel (D:5)
  A steam dragon (D:6)
  3 water moccasins
  2 sky beasts (D:5)
  3 black bears
  3 ogres
  A phantom (D:4)
  A centaur (D:5)
  A lemure (D:4)
  Blork the orc (D:5)
  A scorpion (D:5)
  2 bullfrogs
  A gnoll sergeant (D:5)
  2 wyvern zombies
  A water moccasin skeleton (D:4)
  2 howler monkeys
  3 bullfrog zombies (D:5)
  A centaur zombie (D:5)
  3 hounds (D:5)
  A jelly (D:6)
  5 orc priests
  A centaur skeleton (D:7)
  3 iguanas
  5 orc wizards
  A hound zombie (D:5)
  A howler monkey zombie (D:3)
  4 gnolls
  An adder (D:5)
  A shadow imp (D:5)
  2 adder skeletons (D:5)
  A worm (D:2)
  4 dart slugs
  14 orcs
  8 ball pythons
  An endoplasm (D:1)
  5 giant cockroaches
  10 goblins
  3 hobgoblins
  15 jackals
  8 kobolds
  3 quokkas
  2 ball python zombies (D:3)
  3 bats
  3 frilled lizards
  A quokka zombie (D:3)
  2 rats (D:2)
143 creatures vanquished.

Vanquished Creatures (others)
  8 plants
8 creatures vanquished.

Grand Total: 151 creatures vanquished

Notes
Turn   | Place    | Note
-------+----------+-------------------------------------------
     0 | D:1      | potato4science the Hill Orc Fighter began the quest for the
                  | Orb.
     0 | D:1      | Reached XP level 1. HP: 19/19 MP: 1/1
    67 | D:1      | Reached XP level 2. HP: 24/27 MP: 2/2
   126 | D:1      | Reached skill level 3 in Axes
  1008 | D:2      | Reached XP level 3. HP: 27/33 MP: 3/3
  1179 | D:2      | Found a shadowy altar of Dithmenos.
  1240 | D:2      | Found a faded altar of an unknown god.
  1957 | D:2      | Found a faded altar of an unknown god.
  2040 | D:2      | Found a shadowy altar of Dithmenos.
  2253 | D:3      | Reached skill level 1 in Dodging
  2256 | D:3      | Reached XP level 4. HP: 40/40 MP: 4/4
  2621 | D:3      | Found a sparkling altar of Nemelex Xobeh.
  2622 | D:3      | Noticed an ogre
  2757 | D:3      | Reached skill level 4 in Axes
  3060 | D:3      | Found a basalt altar of Yredelemnul.
  3155 | D:3      | Found a runed translucent door.
  3156 | D:3      | Noticed Crazy Yiuf
  3208 | D:3      | Reached XP level 5. HP: 38/46 MP: 5/5
  3321 | D:3      | Killed an ogre
  3322 | D:3      | Reached skill level 5 in Axes
  3502 | D:4      | Reached XP level 6. HP: 53/53 MP: 6/6
  3612 | D:4      | Reached skill level 5 in Fighting
  3885 | D:3      | Reached skill level 6 in Axes
  4059 | D:4      | Found a sacrificial altar of Ru.
  4069 | D:4      | HP: 1/57 [orc priest/divine providence (11)]
  4070 | D:4      | Reached XP level 7. HP: 2/63 MP: 7/7
  4681 | D:4      | Reached skill level 5 in Shields
  4928 | D:5      | Entered Level 5 of the Dungeon
  4994 | D:5      | Reached skill level 5 in Armour
  5009 | D:5      | Found a snail-covered altar of Cheibriados.
  5176 | D:5      | Reached skill level 7 in Axes
  5176 | D:5      | Reached XP level 8. HP: 57/70 MP: 8/8
  5531 | D:5      | Found a stormy altar of Qazlal.
  5804 | D:5      | Reached skill level 8 in Axes
  6260 | D:5      | Noticed Pikel
  6593 | D:5      | Killed Pikel
  6594 | D:5      | Reached skill level 9 in Axes
  6594 | D:5      | Reached XP level 9. HP: 52/79 MP: 9/9
  7289 | D:5      | Noticed a two-headed ogre
  7835 | D:5      | Killed a two-headed ogre
  8112 | D:6      | Noticed Blork the orc
  8130 | D:5      | Killed Blork the orc
  8491 | D:6      | Found a shimmering blue altar of Sif Muna.
  8558 | D:6      | Reached skill level 10 in Axes
  8558 | D:6      | Reached XP level 10. HP: 72/91 MP: 10/10
  9217 | D:7      | Found a shimmering blue altar of Sif Muna.
  9505 | D:7      | Noticed Harold
  9511 | D:7      | Found a staircase to the Ecumenical Temple.
  9540 | D:7      | Killed Harold
  9548 | Temple   | Entered the Ecumenical Temple
  9959 | D:7      | Found a snail-covered altar of Cheibriados.
 10096 | D:2      | Became a worshipper of Ashenzari the Shackled
 10098 | D:2      | Quit the game

Illustrated notes

Levels and vault maps discovered:
D:1:      minmay_arrival_stair_chambers, layout_basic
D:2:      layout_rooms, shapermc_ecumenical_altar_starsandcircs, basic_altar,
          guppyfry_early_lair_pool
D:3:      layout_rooms, nicolae_yredelemnul_corpse_copse, old_standard_altar,
          uniq_crazy_yiuf_cottage
D:4:      layout_cave_pools, mainiacjoe_overflow_chevrons,
          mrwooster_statue_mirror, serial_bayou_pond_e
D:5:      minmay_octagon_keep, layout_gridville, kennysheep_slug_shrine,
          grunt_qazlal_clouds, minmay_divided_ellipse, uniq_pikel
D:6:      layout_loops_ring, old_standard_altar, uniq_blork_the_orc
D:7:      layout_basic, minmay_temple_entry_waves, serial_bayou_pond_d,
          dk_noncrumbling_3, hangedman_feature_mirror, uniq_harold, uniq_maggie
Temple:   minmay_temple_curvy_loop

Skill      XL: |  1  2  3  4  5  6  7  8  9 10 |
---------------+-------------------------------+-----
Axes           | 3 4 5 6 7 9 10 | 10.0
Fighting       | 4 6 7 9 |  9.0
Armour         | 4 5 6 7 8 |  8.0
Shields        | 4 5 6 7 8 |  8.0
Dodging        | 1 2 3 4 |  4.6

Action                   |  1- 3 |  4- 6 |  7- 9 | 10-12 || total
-------------------------+-------+-------+-------+-------++-------
Melee: War axe           |    93 |   118 |   159 |       ||   370
       Spear             |       |       |    96 |    92 ||   188
Throw: Boomerang         |    15 |    43 |    43 |     3 ||   104
Evoke: Wand              |       |     4 |    11 |     2 ||    17
  Use: Scroll            |       |     2 |    10 |     1 ||    13
       Potion            |       |     3 |     2 |       ||     5
Armor: Scale mail        |    49 |    45 |     1 |       ||    95
       Chain mail        |       |       |   116 |    31 ||   147
Dodge: Dodged            |    35 |    50 |    74 |    21 ||   180
Block: Kite shield       |    61 |    78 |   142 |    48 ||   329
